AoeStats
← SneakyStab

Arena

508768010Analyzed
2v2 RM · 8d ago on Sep 24, 2026· 15m 18s· 4 players
Game mode
Random Map
Map size
Medium (4 player)
Population
200
Speed
Normal
Resources
Standard
Victory
Conquest
Starting age
Dark Age
Ending age
Imperial Age
RankedLock teamsTeams togetherTeam positionsShared explorationLock speedFull tech treeHidden civsTurbo modeCheats
Victory
Defeat
🇨🇦 Bohemians · Canada
1458
+15
🇨🇦 Burgundians · Canada
1407
+18
🇺🇸 Saxons · United States
1458
-17
🇨🇳 Franks · China
1422
-16
Gesius
7:43 Loom
9:29 Feudal Age
10:28 Feudal Age
11:41 Loom
14:46 Castle Age
13:40 Double-Bit Axe
my teammate can 1v2
10:25 Feudal Age
9:56 Loom
14:06 Castle Age
11:54 Double-Bit Axe
Testicouille
3:11 Double-Bit Axe
10:48 Feudal Age
14:34 Castle Age
13:21 Bow Saw
14:07 Horse Collar
SneakyStab
10:18 Feudal Age
14:01 Castle Age
12:21 Double-Bit Axe
12:51 Horse Collar
14:44 Loom
Connection lost

Rejoining the realm…

Still unreachable

The connection could not be restored.

Session expired

The server has moved on; the page needs a fresh start.